Cogmind - Beta 16 *** ADVENTURER MODE // 2025.12.19 @ 20:48:02 Player: Lukysa Result: Destroyed by LI-YWW(R) with Subdweller Laser Performance ------------- Evolutions (0) 0 Regions Visited (2) 400 Robots Destroyed (34) 170 Value Destroyed (839) 839 Prototype IDs (0) 0 Alien Tech Used (0) 0 Bonus (0) 0 TOTAL SCORE: 1409 Bonus ------- None Cogmind --------- Core Integrity 0/250 Matter 205/300 Energy 195/200 System Corruption 0% Temperature Cool (6) Movement Treading (240) Ox1 Location -10/Subcaves Parts ------- > --- POWER (1) -------- Subdweller Power Source > --- PROPULSION (2) --- Light Treads > --- UTILITY (2) ------ Large Storage Unit Targeting Computer > --- WEAPON (2) ------- Grenade Launcher > --- INVENTORY (15) --- Subdweller Power Source Light Treads Heat Sink Huge Storage Unit Medium Matter Pod (100) Scrap Shield Shield Generator Shield Generator Tractor Beam Tractor Beam Subdweller Laser Subdweller Laser Mining Laser Peak State ------------ > --- POWER ------------ Subdweller Power Source > --- PROPULSION ------- Light Treads Light Treads > --- UTILITY ---------- Large Storage Unit Targeting Computer > --- WEAPON ----------- Subdweller Laser Subdweller Laser > --- INVENTORY -------- Subdweller Power Source Light Treads Light Treads Heat Sink Huge Storage Unit Medium Matter Pod Scrap Shield Shield Generator Shield Generator Tractor Beam Tractor Beam Grenade Launcher Grenade Launcher Mining Laser [Rating: 12] Favorites ----------- Power Ion Engine Engine Ion Engine Power Core Light Nuclear Core Propulsion Light Treads Treads Light Treads Wheel Wheel Utility Tractor Beam Device Tractor Beam Storage Small Storage Unit Processor Targeting Computer Weapon Small Laser Energy Gun Small Laser Ballistic Gun Light Assault Rifle Launcher Grenade Launcher Build | -11 -10 -10 ------- Run | Yrd Mat Sub Slots Evolved . | . . . Power . | . . . Propulsion . | . . . Utility . | . . . Weapon . | . . . Parts Attached 31 | 9 18 4 Power 7 | 2 4 1 Engine 5 | 2 2 1 Core 2 | . 2 . Reactor . | . . . Propulsion 9 | 2 7 . Treads 5 | 2 3 . Leg . | . . . Wheel 4 | . 4 . Hover . | . . . Flight . | . . . Utility 6 | 2 4 . Device 2 | 1 1 . Storage 3 | 1 2 . Processor 1 | . 1 . Hackware . | . . . Protection . | . . . Artifact . | . . . Weapon 9 | 3 3 3 Energy Gun 6 | 3 1 2 Energy Cannon . | . . . Ballistic Gun 1 | . 1 . Ballistic Cannon . | . . . Launcher 2 | . 1 1 Special Weapon . | . . . Impact Weapon . | . . . Slashing Weapon . | . . . Piercing Weapon . | . . . Special Melee Weapon . | . . . Unidentified Prototypes . | . . . Parts Lost 6 | . 3 3 Power 1 | . 1 . Propulsion 3 | . 1 2 Utility 1 | . 1 . Weapon 1 | . . 1 Highest Loss Streak 3 | . 1 3 To Critical Strikes 1 | . . 1 Average Backups 11 | 7 17 14 Power 1 | . 1 1 Propulsion 3 | 3 4 2 Utility 3 | . 6 8 Weapon 2 | 1 4 3 Tool/Special . | . . . Unused Backups 25 | . 14 11 Power 4 | . 2 2 Propulsion 2 | . 2 . Utility 13 | . 5 8 Weapon 5 | . 4 1 Tool/Special 1 | . 1 . Average Slot Usage (%) 97 | . 97 97 Engine 7 | . 7 8 Core 6 | . 6 5 Treads 15 | . 14 26 Wheel 9 | . 11 . Device 11 | . 12 . Storage 14 | . 14 14 Processor 2 | . 1 14 Energy Gun 13 | . 13 9 Ballistic Gun 12 | . 12 6 Launcher 2 | . 1 10 Peak Build Rating 12 | 8 11 12 Average Rating 8 | 7 9 10 On Entrance 6 | . 8 10 Avg Prop Armor Cover (%) . | . . . Naked Turns . | . . . Heaviest Build 89 | 13 89 33 Greatest Support 40 | 40 40 40 Greatest Overweight (x) 8 | . 8 . Average Overweight (x) . | . 2 . Largest Inventory Capacity 25 | 8 25 15 Average Capacity 13 | 7 21 15 Most Carried 25 | 8 25 15 Average Carried 11 | 7 17 14 Final Capacity 15 | 8 15 15 Final Carried 15 | 8 15 14 Class Distribution -------------------- 99% | Mutant Dominant Class ---------------- Mutant | -10/Materials Mutant | -10/Subcaves Resources | -11 -10 -10 ----------- Run | Yrd Mat Sub Matter Collected 889 | 290 543 56 Remotely 548 | 74 474 . Salvage Created 1301 | 125 922 254 Parts 64 | 8 41 15 Haulers Intercepted 2 | . 2 . Recyclers Shooed 2 | . 2 . Parts Field Recycled . | . . . Retrieved Matter . | . . . Parts Self-Destructed . | . . . Prevented . | . . . Parts Restored . | . . . Kills | -11 -10 -10 ------- Run | Yrd Mat Sub Combat Hostiles Destroyed 19 | . 12 7 Guns 12 | . 12 . AOE 7 | . . 7 Classes Destroyed 8 | 2 5 1 Worker 2 | . 2 . Tunneler 3 | 3 . . Hauler 2 | . 2 . Recycler 4 | 1 3 . Mechanic 1 | . 1 . Watcher 3 | . 3 . Grunt 12 | . 12 . Subdweller 7 | . . 7 Best Kill Streak 5 | 2 3 5 Combat Bots Only 5 | . 3 5 Max Kills in Single Turn 3 | 1 2 3 Gunslinging . | . . . Exploded 3 | . . 3 Melee . | . . . Uniques/NPCs Destroyed . | . . . Combat | -11 -10 -10 -------- Run | Yrd Mat Sub Hostile Shots Fired 137 | . 85 52 Missed 38 | . 25 13 Hits 99 | . 60 39 Projectile 99 | . 60 39 Critical Strikes 3 | . 1 2 Damage Taken 1244 | . 572 672 Core 257 | . 105 152 Absorbed by Shields . | . . . Ignored by Resistances 371 | . 183 188 Core Remaining (%) 100 | 100 . . Volleys Fired 102 | 6 82 14 Largest 2 | 2 2 2 Hottest 120 | 80 70 120 Shots Fired 192 | 12 162 18 Gun 184 | 12 161 11 Cannon . | . . . Launcher 8 | . 1 7 Special . | . . . Kinetic 88 | . 82 6 Thermal 96 | 12 79 5 Explosive 8 | . 1 7 Electromagnetic . | . . . Robot Hit Streak 30 | 9 30 13 Robot Miss Streak 3 | 1 3 1 Penetration Max . | . . . Secondary Targets . | . . . Shots Hit Robots 154 | 10 128 16 Core Hits 73 | 5 52 16 Critical Kills . | . . . Critical Parts Destroyed . | . . . Critical Strikes 3 | . 3 . Burn 3 | . 3 . Melee Attacks . | . . . Impact . | . . . Slashing . | . . . Piercing . | . . . Sneak Attacks . | . . . Combat Hostiles . | . . . Follow-up Attacks . | . . . Damage Inflicted 2293 | 117 1303 873 Guns 1485 | 110 1265 110 Cannons . | . . . Explosions 801 | . 38 763 Melee . | . . . Ramming 7 | 7 . . Kinetic 535 | . 502 33 Thermal 950 | 110 763 77 Explosive 801 | . 38 763 Electromagnetic . | . . . Impact . | . . . Slashing . | . . . Piercing . | . . . Highest Corruption . | . . . Average Corruption . | . . . Corruption Purged . | . . . Corruption Blocked . | . . . Overload Shots . | . . . Overflow Damage . | . . . Projectiles . | . . . Explosions . | . . . Melee . | . . . Knockbacks . | . . . Impact . | . . . Kinetic . | . . . Secondary . | . . . Self-Inflicted Damage 51 | . . 51 Shots 3 | . . 3 Rammed 1 | 1 . . Targets Rammed 1 | 1 . . Kicked . | . . . Crushed . | . . . Highest Temperature 360 | 36 360 12 Average Temperature 67 | 18 71 12 Received Heat Transfer 612 | . 429 183 Siege Activations . | . . . Martial Activations . | . . . Shielding Activations . | . . . Robots Disrupted . | . . . Combat Hostiles . | . . . Robots Corrupted . | . . . Combat Hostiles . | . . . Parts Fried . | . . . Impact Corruptions . | . . . Robots Melted . | . . . Combat Hostiles . | . . . Parts Melted 3 | . 3 . Heat Transferred 2558 | 250 2208 100 Parts Sabotaged . | . . . Parts Stolen . | . . . Parts Stripped . | . . . Power Chain Reactions . | . . . Alert | -11 -10 -10 ------- Run | Yrd Mat Sub Maximum Alert Level . | . . . Low Security (%) 100 | 100 100 . Level 1 . | . . . Level 2 . | . . . Level 3 . | . . . Level 4 . | . . . Level 5 . | . . . High Security . | . . . Max Security . | . . . Peak Influence 60 | 10 60 . Initial . | . . . Average 6 | . 15 . Influence Increases 388 | 20 368 . Destroy 0b10 Robot/C 240 | . 240 . Destroy 0b10 Robot/NC 75 | 20 55 . Destroy Leader 60 | . 60 . Successful Hack 3 | . 3 . Destroy Structure 10 | . 10 . Influence Decreases 388 | 20 368 . Time Decay 378 | 20 358 . Lost Part 10 | . 10 . Squads Dispatched 2 | . 2 . Investigation 2 | . 2 . Extermination . | . . . Reinforcement . | . . . Assault . | . . . Garrison . | . . . Intercept . | . . . Searches Triggered . | . . . Construction Impeded . | . . . Haulers Reinforced . | . . . Active Scanning Responses . | . . . Cargo Convoy Interrupts . | . . . Stealth | -11 -10 -10 --------- Run | Yrd Mat Sub Distress Signals 1 | . 1 . Communications Jammed . | . . . Distress Signals . | . . . Times Spotted 36 | . 22 14 Peak Tracking Total 9 | . 3 9 Tactical Retreats . | . . . Traps | -11 -10 -10 ------- Run | Yrd Mat Sub Traps Triggered 4 | . 4 . Indirectly . | . . . Trap Hack Attempts . | . . . Triggered . | . . . Disarmed . | . . . Reprogrammed . | . . . Reused . | . . . Traps Extracted . | . . . Installed . | . . . Triggered . | . . . Machines | -11 -10 -10 ---------- Run | Yrd Mat Sub Machines Disabled . | . . . Max in Single Turn . | . . . Machines Repaired . | . . . Machines Dismantled . | . . . Machines Sabotaged . | . . . Overloaded Fab Kills . | . . . Hacking | -11 -10 -10 --------- Run | Yrd Mat Sub Machines Accessed 8 | . 8 . Terminals 5 | . 5 . Fabricators . | . . . Repair Stations 1 | . 1 . Recycling Units 2 | . 2 . Scanalyzers . | . . . Garrison Access . | . . . Total Hacks 17 | . 17 . Successful 8 | . 8 . Failed 9 | . 9 . Catastrophic 3 | . 3 . Database Lockouts . | . . . Manual 5 | . 5 . Terminals 10 | . 10 . Fabricators . | . . . Repair Stations 1 | . 1 . Recycling Units 6 | . 6 . Scanalyzers . | . . . Garrison Access . | . . . Terminal Hacks 3 | . 3 . Alert Level 1 | . 1 . Locate Traps 1 | . 1 . Dispatch Records 1 | . 1 . Fabricator Hacks . | . . . Repair Station Hacks 1 | . 1 . Scan Component 1 | . 1 . Recycling Unit Hacks 4 | . 4 . Process 1 | . 1 . Report Inventory 2 | . 2 . Retrieve Matter 1 | . 1 . Scanalyzer . | . . . Garrison Access Hacks . | . . . Unauthorized Hacks . | . . . Terminals . | . . . Fabricators . | . . . Repair Stations . | . . . Recycling Units . | . . . Scanalyzers . | . . . Garrison Access . | . . . Data Cores Recovered . | . . . Used . | . . . Hacking Detections 4 | . 4 . Full Trace Events . | . . . Feedback Events . | . . . Feedback Blocked . | . . . Robot Schematics Acquired . | . . . Robots Built . | . . . Authchips . | . . . Time . | . . . Total Robot Build Rating . | . . . Part Schematics Acquired . | . . . Parts Built . | . . . Authchips . | . . . Time . | . . . Total Part Build Rating . | . . . Part Studies Acquired . | . . . Parts Repaired . | . . . Time . | . . . Parts Recycled . | . . . Recycled Matter 124 | . 124 . Retrieved Matter 124 | . 124 . Retrieved Components . | . . . Parts Scanalyzed . | . . . Part Schematics Acquired . | . . . Parts Damaged . | . . . Bothacking | -11 -10 -10 ------------ Run | Yrd Mat Sub Used RIF Installer . | . . . Robots Hacked . | . . . Non-combat . | . . . Combat . | . . . Robot Hacks Applied . | . . . Relay Couplers Released . | . . . Fabnet Peak Effective % . | . . . Robots Rewired . | . . . Allies Hacked . | . . . Hacks Repelled . | . . . Allies | -11 -10 -10 -------- Run | Yrd Mat Sub Total Allies . | . . . Largest Group . | . . . Highest-Rated Group . | . . . Highest-Rated Ally . | . . . Total Orders . | . . . Ally Attacks . | . . . Total Damage . | . . . Kills . | . . . Allies Corrupted . | . . . Allies Melted . | . . . Intel | -11 -10 -10 ------- Run | Yrd Mat Sub Active Infowar (turns) . | . . . Robot Analysis Total . | . . . Derelict Logs Recovered . | . . . Drone Launches . | . . . Drone Recoveries . | . . . Exploration | -11 -10 -10 ------------- Run | Yrd Mat Sub Turns Passed 3274 | 1877 1239 158 Spaces Moved 1367 | 755 550 62 Core 4 | 4 . . Treads 1102 | 751 289 62 Legs . | . . . Wheels 261 | . 261 . Hover . | . . . Flight . | . . . Fastest Speed 50 | 50 135 160 Average Speed 162 | 159 166 160 Slowest Speed 320 | 160 320 160 Overloaded Moves . | . . . Propulsion Burnouts . | . . . Robots Hopped . | . . . Potential Cave-ins . | . . . Cave-ins Triggered . | . . . Exploration Rate (%) 39 | 41 73 5 Regions Visited 2 Branch Regions 1 Pre-discovered Areas . | . . . Known Exits Taken . | . . . Unknown Exits Taken 2 | 1 1 . Scrap Searched . | . . . Spaces Dug . | . . . Terrain Destroyed 42 | . 10 32 Melee . | . . . Projectile . | . . . AOE 42 | . 10 32 Terrain Rammed . | . . . Walls Destroyed . | . . . Machines Disabled . | . . . Actions | -11 -10 -10 --------- Run | Yrd Mat Sub Total 2246 | 1411 732 103 Wait 660 | 634 17 9 Move 1365 | 754 549 62 Hop . | . . . Pick Up 40 | 7 30 3 Fast Attach 14 | 7 5 2 Attach 7 | . 6 1 Detach 2 | . 2 . Swap 23 | 2 15 6 Drop 32 | . 26 6 Fire 102 | 6 82 14 Melee . | . . . Ram . | . . . Kick . | . . . Crush 1 | 1 . . Escape Stasis . | . . . Rewire . | . . . Trap . | . . . Miscellaneous . | . . . Route ------- -11/Scrapyard -10/Materials (discovered 2 exits: [*Mat] / [*Sub]) -10/Subcaves History --------- Turn | Location | Event 8 | -11/Scrapyard | Discovered new exit (range 15) 1878 | -11/Scrapyard | Entered Materials 1879 | -10/Materials | Build established: Mutant 2379 | -10/Materials | Discovered new exit (range 13) 3055 | -10/Materials | Discovered new exit (range 7) 3117 | -10/Materials | Entered Subcaves 3155 | -10/Subcaves | Core integrity fell below 50% 3249 | -10/Subcaves | Ambushed by swarm of Subdwellers 3251 | -10/Subcaves | Ambushed by Subdwellers from Twisted Machinery 3273 | -10/Subcaves | Core integrity fell below 20% 3275 | -10/Subcaves | Destroyed by LI-YWW(R) with Subdweller Laser Last Messages --------------- HV Slug penetrates Twisted Machinery. 6S-XI9(R) destroyed. QT-DZ9(R) emerges from the Twisted Machinery. Subatomizers dissect the Sub. Power Source. FX-MQ6(R) affixes Scrap Shield Fragment to Scrap Shield. 6J-4F6(h) destroyed. WD-Q7D(R) emerges from the Twisted Machinery. Grenade Launcher destroyed. Lgt. Treads destroyed. Subatomizers dissect the Sub. Power Source. QT-DZ9(R) destroyed. FX-MQ6(R) destroyed. BU-9YP(R) destroyed. Critical hit (Destroy). Lgt. Treads destroyed. NP-UT9(R) destroyed. WD-Q7D(R) destroyed. LI-YWW(R) affixes Scrap Shield Fragment to Scrap Shield. Map ----- +----------------------------------------------------+ | ?????????????????????????????????????????????????? | | ?????????????????????????????????????????????????? | | ?????????????????????????????????????????????????? | | ?????????????????????????????????????????????????? | | ?????????????????????????????????????????????????? | | ?????????????????????????????????????????????????? | | ?????????????????????????????????????????????????? | | ?????????????????????????????????????????????????? | | ?????????????????????????????????????????????????? | | ?????????????????????????????????????????????????? | | ?????????????????????????????????????????????????? | | ?????????????????????????????????????????????????? | | ???????###?????????????? ????????????????????????? | | ??????## #############?# ????????????????????????? | | ?????## ## # # ### ????????????????????????? | | ?????# = # " ?????##????????????????? | | ?????# ! #"" ? ""????""?????????????????? | | ?????# ## ## #??# "#??? ##????????????????? | | ?????# ##" ##???#" "#?? "?????????????????? | | ?????# # #???#" ### ??????????????????? | | ?????## * ##???# # R#??????????????????? | | ??????### #! # ###????# #??????????????????? | | ????????###%!#"#?###?## R ##??????????????????? | | ???????##*[%###### ### #??????????????????? | | ???????# %!# # # ## #??? ?""??????????? | | ???????# ## @ #??? "??????????? | | ???????## [ # ! #?# ???????????? | | ????????# # ## % ! ! # ????????????? | | ???????# #### * !% " " #????????????? | | ?????? ##??# ### |="""" #?????????????? | | ?????# ????## #### * &[=]" #???????????????? | | ?????# ?????# #?# ]&%!R%&% #???????????????? | | ?????#" #????## ### R "!"* ##???????????????? | | ?????##""?????# ## ## ""!% #???????????????? | | ??????# #?????# #### ##???????????????? | | ??????##??????# ##???# #????????????????? | | ??????????????## ###?????###????????????????? | | ???????????????########??????????????????????????? | | ?????????????????????????????????????????????????? | | ?????????????????????????????????????????????????? | | ?????????????????????????????????????????????????? | | ?????????????????????????????????????????????????? | | ?????????????????????????????????????????????????? | | ?????????????????????????????????????????????????? | | ?????????????????????????????????????????????????? | | ?????????????????????????????????????????????????? | | ?????????????????????????????????????????????????? | | ?????????????????????????????????????????????????? | | ?????????????????????????????????????????????????? | | ?????????????????????????????????????????????????? | +----------------------------------------------------+ Best States ------------- Heat Dissipation 25 Energy Generation 15 Energy Capacity 250 Matter Stores 300 Matter Capacity 300 Sight Range 16 Terrain Scan Density 10 Resistance: KI 20 Resistance: TH 20 Resistance: EX 20 Resistance: EM 20 Resistance: I 20 Resistance: S 20 Resistance: P 20 Evasion (%) 40 Targeting Accuracy 5 Recoil Reduction 2 Offensive Hacking 10 Item Schematics ----------------- None Robot Schematics ------------------ None Fabricated ------------ Nothing Repaired ---------- Nothing Studied --------- None Alien Tech Used ----------------- None Achievements -------------- None Challenges ------------ None Game ------ Seed WaveBladeCycler Manual? 0 Play Time 00:28:32 Cumulative 71.0 hours Start 2025.12.19 @ 20:15:20 End 2025.12.19 @ 20:48:02 Sessions 1 Manual Loads 0 Difficulty Adventurer Special Mode None Game No. 40 Rogue 29 Adventurer 11 Explorer 0 Win Type - Total 0 Types 0/0/0/0/0/0/0/0/0/0 Lore% 19 Gallery% 36 Achievement% 23 Wizard Run 0 Options --------- Layout 1 ASCII 0 Keyboard 0 Movement Mouse Keybinds 0 Fullscreen 1 Font 32/SmallcapsGlow Map View 50x35 Zoom Use 0% Tactical HUD 0 Map Filters NONE Filters NONE Steam 1 RUN: 3cc0fb26-66b3-4e63-a454-0849f4bed0e1